 Dungeon Crawl Stone Soup version 0.18.1-50-g88ac8fd (webtiles) character file.

1082 varam the Jinx (level 8, 36/36 HPs)
             Began as a Spriggan Enchanter on Oct 19, 2016.
             Was a Believer of Nemelex Xobeh.
             Quit the game on level 5 of the Dungeon.
             The game lasted 00:19:42 (5771 turns).

varam the Jinx (Spriggan Enchanter)                 Turns: 5771, Time: 00:19:43

Health: 36/36      AC: 10    Str:  4    XL:     8   Next: 8%
Magic:  15/15      EV: 18    Int: 19    God:    Nemelex Xobeh [**....]
Gold:   322        SH:  0    Dex: 16    Spells: 3 memorised, 9 levels left

rFire  . . .     SeeInvis +     I - +2 dagger (protect)
rCold  + . .     Gourm    .     s - +2 robe {rC+}
rNeg   . . .     Faith    .     (shield restricted)
rPois  .         Spirit   .     (helmet restricted)
rElec  .         Dismiss  .     j - +0 cloak
rCorr  .         Reflect  .     (gloves unavailable)
SustAt .         Harm     .     (boots unavailable)
MR     +....                    (no amulet)
Stlth  ++++......               (no ring)
                                (no ring)

@: very quick, somewhat resistant to hostile enchantments, stealthy
A: unfitting armour, see invisible, herbivore 3, speed 3, slow metabolism 2
a: Renounce Religion


You were on level 5 of the Dungeon.
You worshipped Nemelex Xobeh.
Nemelex Xobeh was pleased with you.
You were not hungry.

You visited 1 branch of the dungeon, and saw 5 of its levels.
You also visited: Sewer.

You collected 322 gold pieces.

Inventory:

Hand Weapons
 I - a +2 dagger of protection (weapon)
Missiles
 t - 149 stones (quivered)
Armour
 b - a +1 robe
 j - a +0 cloak (worn)
 s - a +2 robe of cold resistance (worn)
 F - a +0 buckler
Jewellery
 o - an uncursed ring of protection from magic {unknown}
 y - an uncursed ring of protection from fire {unknown}
 G - an uncursed ring of sustain attributes {unknown}
Scrolls
 a - a scroll of noise {unknown}
 e - a scroll of random uselessness {unknown}
 f - a scroll of enchant weapon {unknown}
 g - a scroll of magic mapping {unknown}
 i - 3 scrolls of remove curse {unknown}
 k - 4 scrolls of identify
 m - 3 scrolls of fog {unknown}
 p - a scroll of blinking {unknown}
 u - 3 scrolls of amnesia {unknown}
 v - a scroll of immolation {unknown}
 w - a scroll of fear {unknown}
 B - 4 scrolls of teleportation {unknown}
 J - a scroll of enchant armour {unknown}
Potions
 h - 3 potions of resistance {unknown}
 l - a potion of cancellation {unknown}
 n - 3 potions of heal wounds
 q - 4 potions of curing
 x - a potion of cure mutation {unknown}
 z - a potion of flight
 A - 2 potions of invisibility {unknown}
 C - a potion of berserk rage {unknown}
 D - a potion of might {unknown}
 E - 2 potions of degeneration {unknown}
Books
 c - a book of Maledictions

   Spells                             Type                      Level
   a - Corona                         Hexes                        1
   b - Ensorcelled Hibernation        Hexes/Ice                    2
   c - Confuse                        Hexes                        3
   d - Tukima's Dance                 Hexes                        3
   e - Dazzling Spray                 Conjuration/Hexes            3
Miscellaneous
 r - a plain deck of summoning {drawn: 3}
 H - a plain deck of escape
Comestibles
 d - 2 bread rations


   Skills:
 - Level 5.0 Short Blades
 - Level 3.0 Dodging
 - Level 8.0 Stealth
 - Level 4.4 Spellcasting
 * Level 8.5 Hexes


You had 9 spell levels left.
You knew the following spells:

 Your Spells              Type           Power        Failure   Level  Hunger
a - Ensorcelled Hibernat  Hex/Ice        ###...       4%          2    #......
b - Corona                Hex            #####..      1%          1    None
c - Confuse               Hex            #####...     1%          3    ###....


Dungeon Overview and Level Annotations

Branches:
Dungeon (5/15)
 Temple: D:4-7

Altars:
Kikubaaqudgha
Nemelex Xobeh
Okawaru
Qazlal
Ru
Yredelemnul
The Shining One

Annotations:
D:4 Eustachio


Innate Abilities, Weirdness & Mutations

You are tiny and cannot use many weapons and most armour.
You have supernaturally acute eyesight.
You are a herbivore.
You cover ground extremely quickly.
You need consume almost no food.


Message History

You now have 303 gold pieces (gained 9).
i - 3 scrolls labeled GEWNAXE PUMU (gained 1)
Found a glowing golden altar of the Shining One.
You now have 322 gold pieces (gained 19).
A worker ant zombie comes into view.
A worker ant zombie is nearby!
Found a stone staircase leading up.
The helpless worker ant zombie fails to defend itself.
You spit the worker ant zombie like a pig!!!
You destroy the worker ant zombie!
No target in view!
An adder comes into view.
An adder is nearby!
There is a stone staircase leading up here.
The helpless adder fails to defend itself.
You skewer the adder like a kebab!!!
You kill the adder!
No target in view!
No target in view!
Are you sure you want to abandon this character and quit the game? (Confirm with "yes".)

### ##.. ##... ##....
##..... ## ##......
.### ##.......
##†..#####........
#@................
##<.##...##........
#..##...###........
##..#...##..........
####..................#
#
#.....####.####......##
#
#.....##.....##.....##
##
##....#.......#.#..##
.##
#....#.......#.#...##


There were no monsters in sight!

Vanquished Creatures
  Sigmund (D:4)
  Duvessa (D:5)
  An ice beast (D:5)
  A phantom (D:4)
  Dowan (D:5)
  A crimson imp (D:5)
  A hound (D:4)
  An orc priest (D:4)
  Crazy Yiuf (D:3)
  A gnoll shaman (D:4)
  2 orc wizards (D:4)
  Natasha (thrice) (D:4 D:5)
  A worker ant (D:4)
  A hound skeleton (D:4)
  A worker ant zombie (D:5)
  3 gnolls (D:4)
  8 adders
  4 oozes
  5 worms
  2 dart slugs
  9 giant geckos
  7 orcs
  A ball python (Sewer)
  4 giant cockroaches
  8 goblins
  5 hobgoblins
  4 jackals (Sewer)
  7 kobolds
  9 bats
  4 giant newts
  A quokka skeleton (D:4)
  8 rats
  2 fungi (D:3)
109 creatures vanquished.

Vanquished Creatures (collateral kills)
  An orc wizard (D:4)
  2 gnolls (D:4)
  2 orcs (D:4)
5 creatures vanquished.

Grand Total: 114 creatures vanquished

Notes
Turn   | Place    | Note
--------------------------------------------------------------
     0 | D:1      | varam the Spriggan Enchanter began the quest for the Orb.
     0 | D:1      | Reached XP level 1. HP: 9/9 MP: 5/5
   101 | D:1      | Reached XP level 2. HP: 13/13 MP: 4/6
   105 | D:1      | Learned a level 2 spell: Ensorcelled Hibernation
   259 | D:1      | Reached skill level 5 in Stealth
   589 | D:1      | Reached XP level 3. HP: 15/16 MP: 0/8
   605 | D:1      | Learned a level 3 spell: Confuse
   982 | D:2      | Found a sparkling altar of Nemelex Xobeh.
  1151 | D:2      | Became a worshipper of Nemelex Xobeh the Trickster
  1379 | D:2      | Received a gift from Nemelex Xobeh
  1407 | D:2      | Reached XP level 4. HP: 19/21 MP: 6/9
  1720 | D:2      | Found a sparkling altar of Nemelex Xobeh.
  2057 | D:3      | Reached * piety under Nemelex Xobeh
  2186 | D:3      | Found an iron altar of Okawaru.
  2506 | D:3      | Noticed Crazy Yiuf
  2512 | D:3      | Killed Crazy Yiuf
  2561 | D:4      | Reached XP level 5. HP: 24/24 MP: 7/10
  2619 | D:4      | Noticed Natasha
  2622 | D:4      | Killed Natasha
  2818 | D:4      | Found a glowing drain.
  2836 | Sewer    | Entered a sewer
  3637 | Sewer    | Reached XP level 6. HP: 28/28 MP: 11/11
  3882 | D:4      | Noticed Natasha
  3884 | D:4      | Killed Natasha
  3884 | D:4      | Reached skill level 5 in Short Blades
  3949 | D:4      | Noticed Eustachio
  4023 | D:4      | HP: 1/28 [bat[Eustachio] (1)]
  4284 | D:4      | Noticed Sigmund
  4292 | D:4      | Reached skill level 5 in Hexes
  4297 | D:4      | Reached XP level 7. HP: 24/32 MP: 3/13
  4828 | D:4      | Killed Sigmund
  5168 | D:4      | Found a stormy altar of Qazlal.
  5289 | D:5      | Entered Level 5 of the Dungeon
  5310 | D:5      | Received a gift from Nemelex Xobeh
  5317 | D:5      | Noticed Duvessa
  5317 | D:5      | Noticed Dowan
  5342 | D:5      | Killed Duvessa
  5349 | D:5      | Killed Dowan
  5473 | D:5      | Reached ** piety under Nemelex Xobeh
  5510 | D:5      | Reached XP level 8. HP: 36/36 MP: 15/15
  5682 | D:5      | Noticed Natasha
  5684 | D:5      | Found an ancient bone altar of Kikubaaqudgha.
  5692 | D:5      | Killed Natasha
  5693 | D:5      | Found a sacrificial altar of Ru.
  5694 | D:5      | Found a basalt altar of Yredelemnul.
  5746 | D:5      | Found a glowing golden altar of the Shining One.
  5771 | D:5      | Quit the game

Skill      XL: |  1  2  3  4  5  6  7 |
---------------+----------------------+-----
Short Blades   | 2 3 4 5 |  5.0
Stealth        | 5 6 7 8 |  8.0
Spellcasting   | 3 4 |  4.4
Hexes          | 5 8 |  8.5
Dodging        | |  3.0

Action                   |  1- 3 |  4- 6 |  7- 9 || total
-------------------------+-------+-------+-------++-------
Melee: Dagger            |    69 |   228 |    72 ||   369
 Cast: Ensorcelled Hiber |    13 |    15 |     1 ||    29
       Confuse           |     4 |    21 |    16 ||    41
Evoke: Deck              |     1 |    10 |       ||    11
  Use: Scroll            |       |     3 |       ||     3
       Potion            |       |     3 |       ||     3
 Stab: Sleeping          |    21 |    33 |     6 ||    60
       Confused          |       |    12 |    12 ||    24
       Distracted        |       |     1 |       ||     1
  Eat: Bread ration      |       |     1 |     1 ||     2
Armor: Robe              |    11 |    20 |       ||    31
Dodge: Dodged            |    49 |   115 |    10 ||   174
